 Dungeon Crawl Stone Soup version 0.21-a0-369-g397cdb2 (webtiles) character file.

186 JustSomeDude the Sneak (level 5, 0/43 HPs)
             Began as a Gnoll Wanderer on Oct 15, 2017.
             Slain by an orc (3 damage)
             ... on level 2 of the Dungeon.
             The game lasted 00:03:40 (1249 turns).

JustSomeDude the Sneak (Gnoll Wanderer)             Turns: 1249, Time: 00:03:41

Health: 0/43       AC:  5    Str: 16    XL:     5   Next: 65%
Magic:  7/7        EV: 14    Int: 13    God:
Gold:   69         SH:  0    Dex: 15    Spells: 7/7 levels left

rFire    . . .     SeeInvis .   a - +2 spear
rCold    . . .     Gourm    .   (no shield)
rNeg     . . .     Faith    .   o - +0 leather armour
rPois    .         Spirit   .   (no helmet)
rElec    .         Reflect  .   b - +1 cloak
rCorr    .         Harm     .   (no gloves)
MR       .....                  (no boots)
Stlth    ++++......             (no amulet)
HPRegen  0.14/turn              (no ring)
MPRegen  0.10/turn              (no ring)

@: no status effects
A: distributed training, fangs 1, strong nose
a: no special abilities


You were on level 2 of the Dungeon.
You were not hungry.

You visited 1 branch of the dungeon, and saw 3 of its levels.

You collected 69 gold pieces.

Inventory:

Hand Weapons
 a - a +2 spear (weapon)
 e - a +0 dagger
Armour
 b - a +1 cloak (worn)
 d - a +0 robe
 l - a +0 pair of gloves
 o - a +0 leather armour (worn)
Scrolls
 c - a scroll of teleportation
 g - a scroll of fear {unknown}
 i - a scroll of amnesia {unknown}
 j - a scroll of identify {unknown}
 m - 2 scrolls of remove curse {unknown}
 n - a scroll of immolation {unknown}
 p - 3 scrolls of enchant weapon {unknown}
Comestibles
 f - 4 bread rations
 q - a meat ration


   Skills:
 + Level 4.8 Fighting
 + Level 1.5 Short Blades
 + Level 1.5 Long Blades
 + Level 1.5 Axes
 + Level 1.5 Maces & Flails
 + Level 3.0 Polearms
 + Level 1.5 Staves
 + Level 1.5 Slings
 + Level 1.5 Bows
 + Level 1.5 Crossbows
 + Level 1.5 Throwing
 + Level 1.5 Armour
 + Level 4.8 Dodging
 + Level 7.9 Stealth
 + Level 3.0 Shields
 + Level 1.5 Unarmed Combat
 + Level 1.5 Spellcasting
 + Level 1.2 Conjurations
 + Level 1.2 Hexes
 + Level 1.2 Charms
 + Level 1.2 Summonings
 + Level 1.2 Necromancy
 + Level 1.2 Translocations
 + Level 1.2 Transmutations
 + Level 1.2 Fire Magic
 + Level 1.2 Ice Magic
 + Level 1.2 Air Magic
 + Level 1.2 Earth Magic
 + Level 1.2 Poison Magic
 + Level 1.7 Invocations
 + Level 1.5 Evocations


You had 7 spell levels left.
You didn't know any spells.

Dungeon Overview and Level Annotations

Branches:
Dungeon (3/15)

Altars:
Nemelex Xobeh


Innate Abilities, Weirdness & Mutations

Your experience applies equally to all skills.
You have very sharp teeth.
Your uncanny sense of smell can sniff out nearby items.


Message History

You hit the orc priest. You bite the orc priest.
The orc priest is almost dead.
The orc hits you but does no damage.
The orc priest looks braver for a moment.
You hit the orc priest.
The orc priest is almost dead.
You hit the orc priest.
You kill the orc priest!
Your Polearms skill increases to level 3!
Your Shields skill increases to level 3!
Found 2 gold pieces.
There is a stone staircase leading up here.
The orc hits you.
* * * LOW HITPOINT WARNING * * *
You climb upwards.
There is a stone staircase leading down here.
You hit the orc.
The orc is moderately wounded.
The orc hits you.
You die...

#.._..# ##.## ##.................
#.⌠.⌠## #..# #...#.####.........
#.#.## #.#####..##..###..#..#...
#...# #.................#.#....
###.#####...........###...#.#.#..
#...##..........>.###..<#.#.#..
#.#.##.#....................#..
#.#.##.#........####...........
#.#..#.#......@.# #..###......
#.##.#.#......o.# ##..# #.#####
#..#...#........###...###.#
##.#..######.#####...##...#
#.#..# #..# ###......### #.####
#.####†.....### #.# #.#....#...##
#.# ##.#.##....)# ##### #.##
###..#.#......# #....


You could see an orc.

Vanquished Creatures
  A crimson imp (D:2)
  A hound (D:3)
  An orc priest (D:3)
  6 adders (D:2)
  A worm (D:2)
  3 leopard geckos
  A ball python (D:2)
  5 bats
  2 giant cockroaches (D:1)
  4 goblins
  2 jackals (D:2)
  3 kobolds
  A quokka (D:2)
  2 frilled lizards
  6 rats
39 creatures vanquished.

Notes
Turn   | Place    | Note
-------+----------+-------------------------------------------
     0 | D:1      | JustSomeDude the Gnoll Wanderer began the quest for the Orb.
     0 | D:1      | JustSomeDude set off with: a +2 spear, a potion of lignification, a scroll of teleportation, a +0 robe, a +0 dagger, a bread ration
     0 | D:1      | Reached XP level 1. HP: 20/20 MP: 1/1
   256 | D:1      | Reached XP level 2. HP: 26/26 MP: 2/2
   684 | D:2      | Reached XP level 3. HP: 28/31 MP: 3/3
   701 | D:2      | Reached skill level 1 in Invocations
   833 | D:2      | Reached skill level 1 in Short Blades
   833 | D:2      | Reached skill level 1 in Long Blades
   833 | D:2      | Reached skill level 1 in Axes
   833 | D:2      | Reached skill level 1 in Maces & Flails
   833 | D:2      | Reached skill level 1 in Staves
   833 | D:2      | Reached skill level 1 in Slings
   833 | D:2      | Reached skill level 1 in Bows
   833 | D:2      | Reached skill level 1 in Crossbows
   833 | D:2      | Reached skill level 1 in Throwing
   833 | D:2      | Reached skill level 1 in Armour
   833 | D:2      | Reached skill level 1 in Unarmed Combat
   833 | D:2      | Reached skill level 1 in Spellcasting
   833 | D:2      | Reached skill level 1 in Evocations
   833 | D:2      | Reached XP level 4. HP: 14/38 MP: 5/5
   864 | D:2      | Reached skill level 1 in Conjurations
   864 | D:2      | Reached skill level 1 in Hexes
   864 | D:2      | Reached skill level 1 in Charms
   864 | D:2      | Reached skill level 1 in Summonings
   864 | D:2      | Reached skill level 1 in Necromancy
   864 | D:2      | Reached skill level 1 in Translocations
   864 | D:2      | Reached skill level 1 in Transmutations
   864 | D:2      | Reached skill level 1 in Fire Magic
   864 | D:2      | Reached skill level 1 in Ice Magic
   864 | D:2      | Reached skill level 1 in Air Magic
   864 | D:2      | Reached skill level 1 in Earth Magic
   864 | D:2      | Reached skill level 1 in Poison Magic
   992 | D:2      | Reached XP level 5. HP: 34/43 MP: 6/6
  1024 | D:2      | Found a sparkling altar of Nemelex Xobeh.
  1223 | D:3      | HP: 1/43 [orc priest/divine providence (14)]
  1249 | D:2      | Slain by an orc

Vault maps used:
D:1:      tarquinn_simple_flora_water_d
D:2:      grunt_decor_one_mirror, nemelex_xobeh_ov_fountains_minmay
D:3:      lemuel_round_altar, first_bread

Skill      XL: |  1  2  3  4  5 |
---------------+----------------+-----
Invocations    | 1 |  1.7
Short Blades   | 1 |  1.5
Long Blades    | 1 |  1.5
Axes           | 1 |  1.5
Maces & Flails | 1 |  1.5
Staves         | 1 |  1.5
Slings         | 1 |  1.5
Bows           | 1 |  1.5
Crossbows      | 1 |  1.5
Throwing       | 1 |  1.5
Armour         | 1 |  1.5
Unarmed Combat | 1 |  1.5
Spellcasting   | 1 |  1.5
Evocations     | 1 |  1.5
Conjurations   | 1 |  1.2
Hexes          | 1 |  1.2
Charms         | 1 |  1.2
Summonings     | 1 |  1.2
Necromancy     | 1 |  1.2
Translocations | 1 |  1.2
Transmutations | 1 |  1.2
Fire Magic     | 1 |  1.2
Ice Magic      | 1 |  1.2
Air Magic      | 1 |  1.2
Earth Magic    | 1 |  1.2
Poison Magic   | 1 |  1.2
Polearms       | 3 |  3.0
Shields        | 3 |  3.0
Fighting       | |  4.8
Dodging        | |  4.8
Stealth        | |  7.9

Action                   |  1- 3 |  4- 6 || total
-------------------------+-------+-------++-------
Melee: Spear             |    62 |    74 ||   136
       Bite              |     6 |     8 ||    14
  Use: Potion            |       |     5 ||     5
 Stab: Sleeping          |    10 |     7 ||    17
       Distracted        |     1 |       ||     1
  Eat: Chunk             |       |     1 ||     1
Armor: Robe              |     1 |       ||     1
       Leather armour    |     6 |     8 ||    14
       Skin              |       |    16 ||    16
Dodge: Dodged            |    29 |    27 ||    56

Table legend:
 A = Spawn XP
 B = Non-spawn XP
 C = Spawn XP percentage of total XP
 D = Spawn monster count
 E = Non-spawn monster count
 F = Spawn count percentage of total count
 G = Total turns spent on level
                    A         B        C        D         E        F      G
               +---------+---------+-------+---------+---------+-------+---------
         Total |       0 |     266 |   0.0 |       0 |      39 |   0.0 |  1249
               +---------+---------+-------+---------+---------+-------+---------
           D:1 |       0 |      22 |   0.0 |       0 |      13 |   0.0 |   681
           D:2 |       0 |     157 |   0.0 |       0 |      22 |   0.0 |   509
           D:3 |       0 |      87 |   0.0 |       0 |       4 |   0.0 |    59
               +---------+---------+-------+---------+---------+-------+---------
